Map: Eternal Empire LE

Players

bleu - Winner!

  • Race: Protoss Protoss
  • League: Diamond
  • Spawn Location: 1:00

A.I. 1 (Very Easy)

  • Race: Terran Terran
  • Spawn Location: 7:00

VOD

Have the link to the VOD?

Description

Time

  • Played on: May 1, 2020, 12:28 a.m.
  • Length: 10:41
Show
View Real Time Build Order
Export as new Build Order

bleu Protoss - Winner!

Build Orders: 1 Gate Expand, Colossus Rush 

Get SALT Encoding   

  12  0:00  Probe  
  13  0:12  Probe  
  14  0:17  Pylon  
  14  0:25  Probe (Chrono Boost)  
  15  0:37  Probe (Chrono Boost)  
  15  0:38  Gateway  
  16  0:44  Probe (Chrono Boost)  
  16  0:47  Assimilator  
  17  0:51  Probe  
  18  1:03  Probe  
  19  1:15  Probe  
  20  1:25  Nexus  
  20  1:34  Cybernetics Core  
  20  1:36  Probe  
  21  1:43  Assimilator  
  21  1:48  Probe  
  22  1:54  Pylon  
  22  2:02  Probe  
  23  2:09  Adept (Chrono Boost)  
  23  2:14  Robotics Facility  
  25  2:17  Probe  
  25  2:20  Warp Gate  
  27  2:30  Probe (Chrono Boost)  
  27  2:32  Stalker  
  29  2:37  Probe (Chrono Boost)  
  29  2:42  Probe (Chrono Boost)  
  31  2:47  Probe (Chrono Boost)  
  31  2:49  Probe (Chrono Boost)  
  33  2:52  Probe (Chrono Boost)  
  33  2:56  Probe  
  35  3:01  Observer  
  35  3:02  Sentry  
  35  3:03  Probe  
  39  3:10  Probe  
  39  3:11  Gateway  
  40  3:15  Probe  
  41  3:20  Gateway  
  41  3:22  Probe  
  41  3:26  Pylon  
  42  3:28  Observer, Probe  
  44  3:34  Probe  
  44  3:39  Assimilator  
  44  3:40  Probe  
  46  3:43  Assimilator  
  46  3:46  Probe  
  47  3:49  Observer  
  47  3:52  Probe  
  49  3:58  Probe  
  49  4:02  Pylon  
  50  4:04  Nexus, Probe  
  51  4:10  Probe  
  51  4:14  Robotics Bay  
  52  4:18  Probe  
  52  4:22  Probe  
  52  4:24  Stalker x2  
  56  4:30  Probe  
  59  4:32  Stalker  
  59  4:35  Probe  
  62  4:48  Twilight Council  
  62  4:51  Forge, Pylon  
  62  4:57  Pylon  
  62  5:05  Colossus (Chrono Boost)  
  62  5:09  Probe x2  
  70  5:18  Probe  
  70  5:21  Stalker x3, Probe x2  
  79  5:23  Blink (Chrono Boost)  
  79  5:30  Probe  
  79  5:33  Probe x2  
  82  5:37  Pylon  
  82  5:42  Probe  
  83  5:45  Probe  
  83  5:47  Pylon  
  83  5:49  Colossus (Chrono Boost)  
  84  5:54  Pylon  
  84  5:57  Protoss Ground Weapons Level 1  
  90  5:59  Stalker x3  
  90  6:02  Probe x2  
  90  6:03  Probe  
  98  6:14  Probe x2  
  98  6:15  Probe  
  101  6:20  Gateway  
  101  6:23  Gateway  
  101  6:24  Gateway  
  101  6:28  Pylon  
  101  6:30  Shield Battery  
  101  6:31  Gateway  
  101  6:32  Colossus (Chrono Boost)  
  107  6:41  Probe x3  
  107  6:44  Assimilator  
  107  6:46  Stalker  
  112  6:49  Assimilator  
  112  6:51  Sentry x2  
  112  6:53  Probe  
  119  7:01  Charge (Chrono Boost)  
  117  7:15  Gateway  
  117  7:16  Stalker x2  
  117  7:17  Zealot x2  
  125  7:29  Pylon  
  125  7:33  Pylon  
  125  7:38  Pylon  
  125  7:40  Disruptor  
  125  7:41  Gateway  
  125  7:43  Templar Archives  
  125  7:45  Pylon  
  125  7:46  Extended Thermal Lance (Chrono Boost)  
  125  7:48  Pylon  
  125  7:50  Pylon  
  128  7:52  Stalker x4  
  128  7:54  Zealot  
  128  7:55  Zealot  
  128  7:57  Protoss Ground Weapons Level 2  
  128  7:58  Zealot  
  142  8:11  Sentry  
  144  8:13  Warp Prism (Chrono Boost)  
  144  8:16  Observer  
  144  8:19  Psionic Storm  
  146  8:21  Zealot x3  
  146  8:22  Zealot x4  
  160  8:34  Pylon  
  160  8:41  Nexus  
  160  8:46  Pylon  
  160  8:51  Disruptor (Chrono Boost)  
  160  8:53  Stalker  
  160  8:54  Stalker x4  
  173  9:07  Pylon  
  173  9:13  Stalker x3  
  179  9:17  Disruptor (Chrono Boost)  
  179  9:21  Pylon  
  179  9:26  Stalker x3  
  179  9:30  High Templar  
  179  9:31  High Templar  
  189  9:35  Pylon  
  189  9:45  Disruptor  
  189  9:48  Zealot x4  
Show
View Real Time Build Order
Export as new Build Order

A.I. 1 (Very Easy) Terran 

Build Orders: Reaper Expand 

Get SALT Encoding   

  12  0:00  SCV  
  13  0:13  SCV  
  14  0:18  Supply Depot  
  14  0:42  Barracks  
  14  1:04  Command Center  
  14  1:32  Orbital Command, Marine, Supply Depot  
  15  1:38  Refinery  
  15  1:50  Refinery  
  15  1:58  SCV  
  16  2:10  SCV  
  17  2:16  SCV  
  17  2:18  Reaper  
  19  2:23  SCV  
  20  2:31  SCV  
  21  2:38  SCV  
  22  2:45  SCV  
  23  2:52  Refinery, SCV  
  24  2:59  SCV  
  25  3:06  SCV  
  25  3:07  Marine  
  27  3:14  SCV  
  28  3:21  SCV  
  28  3:23  Factory  
  29  3:47  Refinery  
  29  3:48  SCV  
  30  3:55  SCV  
  31  3:56  Marine  
  31  3:58  Supply Depot  
  31  4:02  SCV  
  34  4:10  Starport, SCV  
  34  4:15  Barracks Tech Lab  
  35  4:17  SCV  
  36  4:24  SCV  
  37  4:31  SCV  
  37  4:35  Supply Depot  
  38  4:38  SCV  
  39  4:45  SCV  
  39  4:46  Marauder  
  39  4:49  Starport Tech Lab  
  41  4:53  SCV  
  42  5:00  SCV  
  43  5:07  SCV  
  43  5:08  Raven  
  46  5:14  SCV  
  47  5:21  SCV  
  48  5:35  Marine  
  49  5:51  Raven  
  51  6:24  Marine  
  52  7:14  Marauder  
  54  7:39  SCV  
  54  8:38  Marine  
  52  9:27  Marine  
  53  9:41  Supply Depot  
  45  9:56  Marine  
  45  9:59  SCV  
  28  10:11  SCV  
  22  10:23  SCV  
Tags
 
Add a new tag
Caveats
  • Supply blocks, unpowered buildings, or Contaminate may cause inaccurate times.
  • Supply counts are checked every 10 seconds.